[Event "*** MasterClass Titled Tuesday Blitz"]
[Site "Chess.com"]
[Date "2017.12.12"]
[Round "6"]
[White "sandromareco"]
[Black "ENEASZ"]
[Result "1-0"]
[WhiteElo "2636"]
[BlackElo "2413"]
[TimeControl "180+2"]
[EndTime "14:30:14 PST"]
[Termination "sandromareco won by resignation"]

1. Nf3 Nf6 2. c4 e6 3. d4 d5 4. Nc3 Nbd7 5. Bf4 c6 6. e3 Be7 7. h3 O-O 8. Qc2 dxc4 9. Bxc4 Nd5 10. O-O Nxf4 11. exf4 g6 12. a3 Nb6 13. Ba2 Nd5 14.
g3 Nxc3 15. Qxc3 e5 16. Nxe5 Bxh3 17. Rfe1 Bf6 18. Rad1 Qd6 19. d5 cxd5 20. Bxd5 Qb6 21. b4 Kg7 22. Qb3 Rad8 23. Qf3 h5 24. Nc4 Bg4 25. Nxb6 Bxf3 26. Bxf3 axb6 27. Bxb7 Rxd1 28. Rxd1 Rd8 29. Rc1 Rd7 30. Be4 Rd2 31. a4 Bd4 32. Rf1 Ra2 33. Bc6 Bc3 34. Rd1 Bxb4 35. Rd7 Bc5 36. Bd5 Rxf2 37. Rxf7+ Kh6 38. Kh1 Rd2 39. Be6 Rd6 40. Bc4 Rd4 41. Bb5 Rd2 42. Rc7 Ra2 43. Bc4 Rxa4 44. Bg8 Ra1+ 45. Kh2 g5 46. f5 g4 47. f6 Kg6 48. f7 Ra2+ 49. Kh1 Ra1+ 50.
Kg2 Ra2+ 51. Kf1 Rf2+ 52. Ke1 Rf6 53. Rc8 h4 54. gxh4 g3 55. f8=Q Bxf8 56. Bd5 Bb4+ 57. Ke2 Bc5 58. Rg8+ Kh7 59. Rxg3 Rf4 60. h5 Kh6 61.
Bf3 Rf6 62. Rg8 Re6+ 63. Kf1 Rf6 64. Kg2 Rf8 65. Rg6+ Kh7 66. Rc6 Be3 67. Be4+ Kg7 68. Rg6+ Kh8 69. Re6 Bc5 70. Kg3 Kg7 71. Kg4 Rf6 72.
Re8 Rf8 73. Re5 Rf7 74. Bg6 Re7 75. Rd5 Be3 76. Kf5 Bc5 77. Rd8 Re1 78. Rd7+ Re7 79.
Rd1 Re2 80. Kg4 Re7 81. Bf5 Re2 82. Kf3 Re3+ 83. Kf4 Re7 84. Rd3 Kh6 85. Kg4 Kg7 86. Kg5 Be3+ 87. Kg4 Bc5 88. Bg6 Re3 89. Rd8 Re7 90.
Kf4 Be3+ 91. Kf3 Bc5 92. Be4 Kh6 93. Rh8+ Kg7 94. Rd8 Kh6 95. Bg6 Kg7 96. Kf4 Be3+ 97. Kf5 Bc5 98. Be8 Re1 99. Bg6 Re7 100. Rc8 Re1 101. Kg4 Re7 102. Bc2 Re2 103. Bb3 Rg2+ 104. Kf3 Rf2+ 105. Kg3 Rb2 106. Bd5 Rd2 107. Be4 Rd7 108. Kf4 Re7 109. Rc6 Rf7+ 110. Bf5 Rf6 111. Rc8 Rf8 112. Rc7+ Rf7 113.
h6+ Kf6 114. h7 Rf8 115. Rd7 b5 116. Rd5 Be7 117. Rxb5 Kg7 118. Rb7 Rf7 119. Kg4 Bf6 120. h8=Q+ 1-0

[Event "*** MasterClass Titled Tuesday Blitz"]
[Site "Chess.com"]
[Date "2017.12.12"]
[Round "7"]
[White "benhal"]
[Black "Veiso"]
[Result "1-0"]
[WhiteElo "2278"]
[BlackElo "2225"]
[TimeControl "180+2"]
[EndTime "14:34:00 PST"]
[Termination "benhal won by resignation"]

1. e4 c5 2. Nf3 d6 3. d4 cxd4 4.
Nxd4 Nf6 5. Nc3 a6 6. Bg5 e6 7.
f4 Be7 8. Qf3 h6 9. Bh4 Qc7 10.
O-O-O Nbd7 11. g4 g5 12. Bf2 gxf4 13. h3 Ne5 14. Qxf4 Nfxg4 15. hxg4 Bg5 16. Qxg5 hxg5 17.
Rxh8+ Ke7 18. Be3 f6 19. Nf5+ 1-0

[Event "*** MasterClass Titled Tuesday Blitz"]
[Site "Chess.com"]
[Date "2017.12.12"]
[Round "7"]
[White "ristingho"]
[Black "Kacparov"]
[Result "0-1"]
[WhiteElo "2348"]
[BlackElo "2594"]
[TimeControl "180+2"]
[EndTime "14:34:29 PST"]
[Termination "Kacparov won by resignation"]

1. d4 d6 2. e4 g6 3. Nc3 Bg7 4. f4 a6 5. Nf3 b5 6. a4 b4 7. Nd5 Bb7 8. Nxb4 Bxe4 9. Bd3 Bb7 10.
c3 Nf6 11. O-O O-O 12. Qe2 c5 13. Nc2 Nbd7 14. Re1 e6 15. a5 Qc7 16. b4 Rfc8 17. bxc5 dxc5 18. Ba3 c4 19. Bxg6 hxg6 20. Ne5 Nxe5 21.
fxe5 Nd5 22. Bd6 Qd7 23. Qf3 Nb4 24. Qf2 Nd3 0-1

[Event "*** MasterClass Titled Tuesday Blitz"]
[Site "Chess.com"]
[Date "2017.12.12"]
[Round "7"]
[White "ENEASZ"]
[Black "Blitzstream"]
[Result "1-0"]
[WhiteElo "2423"]
[BlackElo "2472"]
[TimeControl "180+2"]
[EndTime "14:35:00 PST"]
[Termination "ENEASZ won by resignation"]

1. e4 d5 2. exd5 Qxd5 3. Nc3 Qa5 4. d4 Nf6 5. Nf3 c6 6. Bc4 Bf5 7. Ne5 e6 8. g4 Bg6 9. h4 Nbd7 10.
Nxd7 Nxd7 11. h5 Be4 12. Rh3 Bb4 13. Bd2 Bd5 14. Nxd5 cxd5 15. Bd3 Bxd2+ 16. Qxd2 Qxd2+ 17. Kxd2 Ke7 18. g5 f5 19. Re1 Kd6 20. Rhe3 Rae8 21. Bxf5 Nf8 22. Bg4 h6 23. g6 Re7 24. f4 Re8 25. f5 Ke7 26. fxe6 Kf6 27. e7 1-0

[Event "*** MasterClass Titled Tuesday Blitz"]
[Site "Chess.com"]
[Date "2017.12.12"]
[Round "7"]
[White "juniortay"]
[Black "inegrepus"]
[Result "0-1"]
[WhiteElo "2299"]
[BlackElo "2049"]
[TimeControl "180+2"]
[EndTime "14:35:00 PST"]
[Termination "inegrepus won by resignation"]

1. e4 c5 2. Nc3 Nc6 3. Bb5 Nd4 4. Bc4 e6 5. Nge2 Nf6 6. O-O Be7 7. e5 Ng8 8. Nxd4 cxd4 9. Ne4 f5 10. exf6 Nxf6 11. Nxf6+ Bxf6 12. Qh5+ g6 13. Qh6 Qe7 14. d3 Qg7 15.
Bd2 Qxh6 16. Bxh6 d5 17. f4 dxc4 18. dxc4 Bd7 19. Rad1 Rc8 20. b3 Kf7 21. Rf2 Bc6 22.
Re2 Rhe8 23. Rde1 b5 24. cxb5 Bxb5 25. Rd2 d3 0-1

[Event "*** MasterClass Titled Tuesday Blitz"]
[Site "Chess.com"]
[Date "2017.12.12"]
[Round "7"]
[White "windking123"]
[Black "filali-oujda"]
[Result "0-1"]
[WhiteElo "2376"]
[BlackElo "2367"]
[TimeControl "180+2"]
[EndTime "14:35:22 PST"]
[Termination "filali-oujda won by resignation"]

1. e4 c6 2. d4 d5 3. Nc3 dxe4 4. Nxe4 Nf6 5. Nxf6+ exf6 6. Nf3 Bd6 7. Bd3 O-O 8. O-O Bg4 9. h3 Bh5 10. g4 Bg6 11. Nh4 Nd7 12. Nf5 Bc7 13. Qf3 c5 14. c3 cxd4 15. cxd4 Nb6 16. Bf4 Bxf4 17. Qxf4 Nd5 18.
Qf3 Re8 19. Rfe1 Qa5 20. Bc4 Rxe1+ 21. Rxe1 Qxe1+ 22. Kg2 Nb6 23. Qxb7 Bxf5 24. gxf5 Qe8 25. Bb3 h6 26. d5 Qe4+ 27. Kg1 Rd8 28. d6 Qxb7 0-1

[Event "*** MasterClass Titled Tuesday Blitz"]
[Site "Chess.com"]
[Date "2017.12.12"]
[Round "7"]
[White "GMBenjaminBok"]
[Black "TheLancer"]
[Result "1-0"]
[WhiteElo "2634"]
[BlackElo "2479"]
[TimeControl "180+2"]
[EndTime "14:36:00 PST"]
[Termination "GMBenjaminBok won by resignation"]

1. Nf3 c5 2. c4 g6 3. g3 Bg7 4. Bg2 Nc6 5. Nc3 d6 6. O-O e5 7. a3 Nge7 8. b4 e4 9. Ng5 h6 10. Ngxe4 f5 11. bxc5 fxe4 12. cxd6 Qxd6 13. Nxe4 Qc7 14.
Rb1 O-O 15. Bb2 Ne5 16. d3 Rd8 17. Qb3 Be6 18. Bxe5 Bxe5 19. Qxb7 Qxb7 20. Rxb7 Nf5 21. Rb5 Bg7 22. Nc5 Bf7 23. Bxa8 Rxa8 24. Rfb1 Nd4 25.
Rb8+ Rxb8 26. Rxb8+ Bf8 27. Nd7 1-0

[Event "*** MasterClass Titled Tuesday Blitz"]
[Site "Chess.com"]
[Date "2017.12.12"]
[Round "7"]
[White "robbykevlishvili"]
[Black "ChainsOfFantasia"]
[Result "0-1"]
[WhiteElo "2446"]
[BlackElo "2478"]
[TimeControl "180+2"]
[EndTime "14:36:05 PST"]
[Termination "ChainsOfFantasia won by resignation"]

1. e4 c6 2. d4 d5 3. e5 Bf5 4. Nf3 e6 5. Be2 Ne7 6. O-O c5 7. Be3 Nec6 8. c3 Nd7 9. Nbd2 Be7 10. Nb3 c4 11. Nbd2 O-O 12. h3 b5 13. b3 a5 14.
a4 cxb3 15. axb5 b2 16. Ra2 Na7 17. Rxb2 Nb6 18. Ra2 a4 19. Ne1 Qd7 20. c4 dxc4 21. Nxc4 Nxc4 22. Bxc4 Nxb5 23. Qa1 Nc7 24. Nc2 Rfc8 25.
Na3 Nd5 26. Bb5 Qb7 27. Rb2 Qa7 28. Nc4 a3 29. Ra2 Qb7 30. Nxa3 Bxa3 0-1

[Event "*** MasterClass Titled Tuesday Blitz"]
[Site "Chess.com"]
[Date "2017.12.12"]
[Round "7"]
[White "sandager"]
[Black "marianokar"]
[Result "0-1"]
[WhiteElo "1965"]
[BlackElo "2295"]
[TimeControl "180+2"]
[EndTime "14:36:18 PST"]
[Termination "marianokar won by resignation"]

1. e4 c5 2. Nf3 Nc6 3. d4 cxd4 4. Nxd4 Nf6 5. Nc3 d6 6. Be2 e5 7. Nb3 Be7 8. O-O O-O 9. Qd3 a5 10. a4 Nb4 11. Qd1 Be6 12. Bg5 Nxe4 13. Nxe4 Bxg5 14.
Nxd6 Be7 15. Nc4 Qxd1 16. Raxd1 Nxc2 17. Nbxa5 Nd4 18. Bd3 b6 19. Nb7 Rxa4 20. Nxe5 Rb8 21. Be4 Ne2+ 22. Kh1 Rxe4 23. Nc6 Rxb7 24. Nxe7+ Kf8 25.
Nc6 Rd7 26. Ra1 g6 0-1

[Event "*** MasterClass Titled Tuesday Blitz"]
[Site "Chess.com"]
[Date "2017.12.12"]
[Round "7"]
[White "Vamostodorecto"]
[Black "Kawhi_Leonard2"]
[Result "0-1"]
[WhiteElo "2321"]
[BlackElo "2269"]
[TimeControl "180+2"]
[EndTime "14:36:27 PST"]
[Termination "Kawhi_Leonard2 won by resignation"]

1. d4 Nf6 2. c4 c5 3. d5 e6 4. Nc3 exd5 5. cxd5 d6 6. e4 g6 7. f4 Bg7 8. Bb5+ Nfd7 9. a4 O-O 10. Nf3 Na6 11.
O-O Nb4 12. Re1 a6 13. Bf1 Re8 14. Be3 Nf6 15. Bf2 Bg4 16. h3 Bxf3 17. Qxf3 Nc2 18. Rac1 Nxe1 19. Rxe1 Nd7 20. e5 dxe5 21. f5 e4 22.
Nxe4 Ne5 23. Qg3 Qxd5 24. f6 Bf8 25. Nc3 Qd6 26. Qf4 Nc6 27. Rxe8 Rxe8 28. Qc4 Qxf6 29. Nd5 Qxb2 30. Bxc5 Bxc5+ 31. Qxc5 Kg7 32. Qd6 Qd4+ 33. Kh2 Rd8 0-1

[Event "*** MasterClass Titled Tuesday Blitz"]
[Site "Chess.com"]
[Date "2017.12.12"]
[Round "7"]
[White "jcibarra"]
[Black "bascheyaro"]
[Result "1-0"]
[WhiteElo "2698"]
[BlackElo "2628"]
[TimeControl "180+2"]
[EndTime "14:36:35 PST"]
[Termination "jcibarra won by resignation"]

1. e4 e6 2. d4 d5 3. Nd2 c5 4.
exd5 exd5 5. Ngf3 Nc6 6. Bb5 c4 7. O-O Bd6 8. b3 cxb3 9. c4 Ne7 10. cxd5 Nxd5 11. Qxb3 Ne7 12. Nc4 O-O 13. Nxd6 Qxd6 14. Ba3 Qd8 15. Rfe1 Be6 16. Rxe6 fxe6 17. Qxe6+ Kh8 18.
Bxc6 Nxc6 19. Bxf8 Qxf8 20. d5 Re8 21. Qh3 Nb4 22. Rd1 Nxa2 23. d6 Nc3 24. Ng5 h6 25. Qxc3 hxg5 26. Qh3+ Kg8 27. d7 Rd8 28. Qb3+ Kh8 29.
Qxb7 a5 30. Rd3 Qb4 31. Rh3+ Kg8 32. Qd5+ Kf8 33. Rf3+ 1-0

[Event "*** MasterClass Titled Tuesday Blitz"]
[Site "Chess.com"]
[Date "2017.12.12"]
[Round "7"]
[White "krzyzan94"]
[Black "MITerryble"]
[Result "0-1"]
[WhiteElo "2615"]
[BlackElo "2671"]
[TimeControl "180+2"]
[EndTime "14:36:47 PST"]
[Termination "MITerryble won by checkmate"]

1. e4 e6 2. d4 d5 3. Nc3 Nf6 4. e5 Nfd7 5. f4 c5 6. Nf3 Nc6 7. Be3 Be7 8. Qd2 O-O 9. dxc5 Nxc5 10. O-O-O b6 11. Bb5 Qc7 12. Bxc6 Qxc6 13. Nd4 Qd7 14. f5 exf5 15. g4 fxg4 16. h3 gxh3 17. Rdg1 g6 18. Bg5 Bxg5 19. Qxg5 Ne6 20. Nxe6 Qxe6 21. Rg3 Qf5 22. Qh6 Qxe5 23. Nxd5 Qxd5 24. Rgxh3 Bxh3 25.
Rxh3 Rfe8 26. Qxh7+ Kf8 27. Qh6+ Ke7 28. Re3+ Kf6 29. Qf4+ Kg7 30. Rf3 Re1# 0-1

[Event "*** MasterClass Titled Tuesday Blitz"]
[Site "Chess.com"]
[Date "2017.12.12"]
[Round "7"]
[White "GMAkobianSTL"]
[Black "Vahe_Dan"]
[Result "1-0"]
[WhiteElo "2679"]
[BlackElo "2573"]
[TimeControl "180+2"]
[EndTime "14:37:02 PST"]
[Termination "GMAkobianSTL won by resignation"]

1. d4 Nf6 2. c4 c5 3. d5 b5 4.
cxb5 a6 5. bxa6 g6 6. Nc3 Bg7 7.
e4 O-O 8. e5 Ne8 9. Nf3 d6 10.
Bf4 Nd7 11. exd6 exd6 12. Qd2 Nb6 13. Bb5 Nc7 14. a4 Bxa6 15. Bxa6 Rxa6 16. O-O Nc4 17. Qe2 Na5 18. Rad1 Qd7 19. Rfe1 Rb8 20. Qe7 Qxe7 21.
Rxe7 Nc4 22. Rxc7 Nxb2 23. Rb1 Bxc3 24. Ng5 Rxa4 25. g3 Rab4 26. Bxd6 Nd3 27. Rd1 Rd4 28. Nxf7 h5 29. Nh6+ Kh8 30. Re7 Rc8 31. Rb1 Rb4 32. Rd1 Rd4 33. Rb1 Rb4 1-0

[Event "*** MasterClass Titled Tuesday Blitz"]
[Site "Chess.com"]
[Date "2017.12.12"]
[Round "7"]
[White "Scott-fox21"]
[Black "TijanaBlagojevic"]
[Result "0-1"]
[WhiteElo "2135"]
[BlackElo "2371"]
[TimeControl "180+2"]
[EndTime "14:37:08 PST"]
[Termination "TijanaBlagojevic won by resignation"]

1. d4 d5 2. c4 c6 3. Nf3 Nf6 4. Qc2 dxc4 5. Qxc4 Bf5 6. g3 e6 7. Bg2 Nbd7 8. O-O Be7 9. Nc3 O-O 10. Bg5 b5 11.
Qxc6 b4 12. Nb1 Qa5 13. Qc1 Rac8 14. Qd1 Bc2 15. Qe1 Qb5 16. Nbd2 h6 17. Bxf6 Bxf6 18.
Rc1 e5 19. dxe5 Nxe5 20. Nxe5 Bxe5 21. Be4 Bxe4 22. Nxe4 Rxc1 23. Qxc1 Qxe2 24. Re1 Qxb2 25. Qc5 Bc3 26. Rf1 Bd4 27. Qe7 Qxa2 28. Nd6 Qe6 29. Qc7 Be5 30. Rd1 b3 31. Qc6 Bxd6 32. Rxd6 Qe1+ 0-1

[Event "*** MasterClass Titled Tuesday Blitz"]
[Site "Chess.com"]
[Date "2017.12.12"]
[Round "7"]
[White "dolynachess"]
[Black "nicegg"]
[Result "1-0"]
[WhiteElo "2284"]
[BlackElo "1985"]
[TimeControl "180+2"]
[EndTime "14:37:23 PST"]
[Termination "dolynachess won by resignation"]

1. d4 Nf6 2. c4 e6 3. Nc3 Bb4 4.
e3 Bxc3+ 5. bxc3 c5 6. Bd3 d6 7.
Ne2 Nc6 8. O-O e5 9. d5 Na5 10. e4 b6 11. f4 Ba6 12. fxe5 dxe5 13. Bg5 h6 14. Bxf6 gxf6 15. Ng3 Qd7 16. Rxf6 Bxc4 17. Nf5 O-O-O 18. Nd6+ Qxd6 19. Rxd6 Rxd6 20. Bxc4 Nxc4 21. Qg4+ Kb8 22. Qg7 Rhd8 23. Rf1 Rg6 24. Qxf7 Rdg8 25. g3 h5 26. Qe7 Rg4 27. Rf7 1-0

[Event "*** MasterClass Titled Tuesday Blitz"]
[Site "Chess.com"]
[Date "2017.12.12"]
[Round "7"]
[White "toad"]
[Black "TST2014"]
[Result "0-1"]
[WhiteElo "2185"]
[BlackElo "2262"]
[TimeControl "180+2"]
[EndTime "14:37:36 PST"]
[Termination "TST2014 won by checkmate"]

1. d4 Nf6 2. c4 g6 3. g3 Bg7 4. Bg2 O-O 5. Nf3 c6 6. Nc3 d5 7. cxd5 cxd5 8. Ne5 Nc6 9. Nxc6 bxc6 10. O-O Qa5 11. Qa4 Qb6 12. e4 Nxe4 13. Nxe4 dxe4 14. Be3 f5 15. Rfc1 Qb5 16. Qxb5 cxb5 17. Rc7 Bf6 18. a4 b4 19. Bf1 Be6 20. Ba6 Rfd8 21. Rac1 Kf7 22.
Rd1 Bb3 23. Rd2 Rd6 24. Bb7 Rad8 25. a5 Bxd4 26. Bxd4 Rxd4 27. Rxd4 Rxd4 28. a6 Rd1+ 29. Kg2 Rd2 30. Bc8 e3 31. Rxa7 e2 32. Rc7 e1=Q 33. a7 Qxf2+ 34. Kh3 Qxh2# 0-1

[Event "*** MasterClass Titled Tuesday Blitz"]
[Site "Chess.com"]
[Date "2017.12.12"]
[Round "7"]
[White "goldenspine"]
[Black "PulpanJ"]
[Result "0-1"]
[WhiteElo "2291"]
[BlackElo "2488"]
[TimeControl "180+2"]
[EndTime "14:37:48 PST"]
[Termination "PulpanJ won on time"]

1. Nf3 Nf6 2. g3 d5 3. d4 e6 4.
Bg2 Be7 5. c4 O-O 6. O-O dxc4 7.
Qc2 a6 8. Qxc4 b5 9. Qc2 Bb7 10.
Bd2 Ra7 11. Ba5 Nc6 12. Bd2 Nb4 13. Bxb4 Bxb4 14. a3 Bd6 15. b4 a5 16. bxa5 Rxa5 17. Nbd2 Qa8 18. Rfb1 Bd5 19. Ne1 Bxg2 20. Nxg2 Rb8 21. a4 Re8 22. e4 e5 23. dxe5 Bxe5 24. Ra3 Bd6 25. Re3 bxa4 26. Nc4 Rc5 27. Qa2 Nxe4 28. Rbe1 Qd5 29. Nxd6 Qxa2 30. Nxe8 Qxf2+ 31. Kh1 Rc2 0-1

[Event "*** MasterClass Titled Tuesday Blitz"]
[Site "Chess.com"]
[Date "2017.12.12"]
[Round "7"]
[White "jposthuma"]
[Black "kereswasbest"]
[Result "1-0"]
[WhiteElo "2335"]
[BlackElo "2202"]
[TimeControl "180+2"]
[EndTime "14:37:49 PST"]
[Termination "jposthuma won by resignation"]

1. d4 Nf6 2. c4 e6 3. g3 d5 4.
Bg2 b6 5. Nf3 Bb7 6. O-O Be7 7.
Nbd2 O-O 8. Qc2 c5 9. cxd5 exd5 10. b3 Nc6 11. dxc5 bxc5 12. Bb2 Rc8 13. Rac1 Re8 14.
Rfd1 Qa5 15. Qb1 Ba6 16. Bc3 Qb6 17. e4 d4 18. Bb2 Be2 19. Nc4 Qb5 20. Rd2 d3 21.
Ne1 Rcd8 22. Nxd3 Bxd3 23. Rxd3 Rxd3 24. Qxd3 Nb4 25. Qb1 Rd8 26. e5 Ng4 27. h3 Nxf2 28. Kxf2 Nd3+ 29. Kg1 Nxc1 30. Qxc1 Rd3 31. Kh2 Qd7 32.
Qf4 h6 33. Be4 Bg5 34. Qf5 Rd2+ 35. Nxd2 Qxd2+ 36. Kh1 Qxb2 37. Qc8+ 1-0

[Event "*** MasterClass Titled Tuesday Blitz"]
[Site "Chess.com"]
[Date "2017.12.12"]
[Round "7"]
[White "arna"]
[Black "GameOverBro"]
[Result "0-1"]
[WhiteElo "2156"]
[BlackElo "2248"]
[TimeControl "180+2"]
[EndTime "14:37:51 PST"]
[Termination "GameOverBro won by resignation"]

1. e4 d6 2. d4 Nf6 3. Nc3 e5 4. Nge2 g6 5. g3 Bg7 6. Bg2 O-O 7. O-O c6 8. h3 b5 9. a3 Bb7 10. dxe5 dxe5 11. Be3 Qc7 12. Qe1 Na6 13. b4 Nd7 14. f3 Nb6 15. Qf2 Nc4 16. Bxa7 Rfd8 17. Rfd1 Rxd1+ 18. Nxd1 Bc8 19. Be3 Nxb4 20. c3 Nc2 21. Bc1 Nxa1 22.
f4 Nb3 23. Be3 Rxa3 24. f5 Bf8 25. f6 Nxe3 26. Nxe3 Qb6 27. Kh2 Ra2 28. Qf3 Be6 29. Nf5 gxf5 30. exf5 Bd5 31. Qg4+ Kh8 32. h4 Qf2 33.
Nf4 0-1

[Event "*** MasterClass Titled Tuesday Blitz"]
[Site "Chess.com"]
[Date "2017.12.12"]
[Round "7"]
[White "johannesh"]
[Black "ST-Sandavagur"]
[Result "0-1"]
[WhiteElo "2307"]
[BlackElo "2498"]
[TimeControl "180+2"]
[EndTime "14:37:58 PST"]
[Termination "ST-Sandavagur won by resignation"]

1. e4 e5 2. Nf3 Nc6 3. Bb5 a6 4. Ba4 Nf6 5. Bxc6 dxc6 6. d3 Nd7 7. O-O f6 8. Nbd2 Bc5 9. Nc4 O-O 10. Be3 Qe7 11.
Bxc5 Nxc5 12. Re1 Ne6 13. Ne3 g6 14. c3 Rd8 15. Qc2 Nf4 16. Rad1 h5 17. g3 Nh3+ 18. Kg2 Bg4 19. Nh4 Kh7 20. f3 Be6 21. d4 Ng5 22. d5 cxd5 23. exd5 Bh3+ 24. Kg1 f5 25. Qf2 Qf6 26. Nc4 Re8 27. Nxe5 Rxe5 28. Rxe5 Qxe5 29. f4 Bg4 30. fxe5 Nh3+ 31. Kg2 Nxf2 32. Re1 Nd3 33. Re3 Nc5 34. e6 Kg7 35. h3 Bd1 36. Re1 Bc2 37. Nf3 Be4 38. Kf2 Nd3+ 0-1

[Event "*** MasterClass Titled Tuesday Blitz"]
[Site "Chess.com"]
[Date "2017.12.12"]
[Round "7"]
[White "TomsKantans"]
[Black "xamax2000"]
[Result "0-1"]
[WhiteElo "2443"]
[BlackElo "2302"]
[TimeControl "180+2"]
[EndTime "14:38:01 PST"]
[Termination "xamax2000 won by checkmate"]

1. e4 e5 2. Nf3 Nc6 3. Bb5 g6 4. O-O Bg7 5. c3 a6 6. Ba4 d6 7.
d4 Bd7 8. d5 Nce7 9. c4 h6 10.
Nc3 f5 11. b4 Nf6 12. exf5 Nxf5 13. Re1 O-O 14. Bc2 e4 15. Nd2 Nh4 16. Bb2 Ng4 17.
Ndxe4 Nxg2 18. h3 Nxe1 19. Qxe1 Ne5 20. Nd2 Qg5+ 21. Kh1 Bxh3 22. Be4 Rae8 23. Qe3 Qh4 24. Qg3 Qxg3 25. fxg3 Rf2 26. Rd1 Ng4 27. Bxg6 Rh2+ 28. Kg1 Bd4# 0-1

[Event "*** MasterClass Titled Tuesday Blitz"]
[Site "Chess.com"]
[Date "2017.12.12"]
[Round "7"]
[White "NateSolon"]
[Black "sandromareco"]
[Result "0-1"]
[WhiteElo "2364"]
[BlackElo "2639"]
[TimeControl "180+2"]
[EndTime "14:38:05 PST"]
[Termination "sandromareco won by resignation"]

1. e4 Nf6 2. e5 Nd5 3. d4 d6 4. Nf3 Bg4 5. Be2 c6 6. O-O dxe5 7.
Nxe5 Bxe2 8. Qxe2 Nd7 9. c4 N5f6 10. Nc3 e6 11. Bg5 Be7 12. Rad1 O-O 13. Rfe1 h6 14. Bh4 Re8 15. Rd3 Nf8 16. a3 Rc8 17. Qf3 Qb6 18.
b4 a5 19. c5 Qa6 20. Bxf6 Bxf6 21. Ne4 Bxe5 22. dxe5 Rcd8 23. Nd6 Re7 24. Qe4 axb4 25. axb4 Ng6 26. Red1 Red7 27. f4 Ne7 28. h3 Nd5 29.
Kh2 Qa4 30. Rd4 Nc3 31. Qe1 Nxd1 32. Rxd1 Qc2 33. Rd2 Qc3 34. Qf2 Qxb4 35. Rd3 Ra8 36. f5 exf5 37. Qxf5 Re7 38. Rg3 Qh4 39. Ne4 g6 40.
Qf3 Rxe5 41. Nf6+ Kh8 42. Nd7 Rf5 43. Qc3+ Kg8 44. Rg4 Qe7 45. Nb6 Rd8 46. Nc4 Rxc5 0-1

[Event "*** MasterClass Titled Tuesday Blitz"]
[Site "Chess.com"]
[Date "2017.12.12"]
[Round "7"]
[White "LuisFSiles"]
[Black "chesstatour"]
[Result "1-0"]
[WhiteElo "2227"]
[BlackElo "1981"]
[TimeControl "180+2"]
[EndTime "14:38:05 PST"]
[Termination "LuisFSiles won on time"]

1. e4 c6 2. d4 d5 3. exd5 cxd5 4. c4 Nf6 5. Nc3 Nc6 6. Bg5 Qa5 7. Bxf6 exf6 8. cxd5 Bb4 9. Ne2 Ne7 10. d6 Bxd6 11.
g3 O-O 12. Bg2 Bg4 13. h3 Bxe2 14. Qxe2 Nf5 15. Qd2 Qa6 16. O-O-O Rac8 17. Kb1 Bb4 18. Rc1 Nd6 19. Bd5 Nb5 20. Bb3 Qa5 21. d5 Bxc3 22. bxc3 Nxc3+ 23. Ka1 Rfd8 24. Rc2 Rc7 25. Rhc1 Rdc8 26.
d6 1-0

[Event "*** MasterClass Titled Tuesday Blitz"]
[Site "Chess.com"]
[Date "2017.12.12"]
[Round "7"]
[White "RoelandPruijssers"]
[Black "ShimanovAlex"]
[Result "0-1"]
[WhiteElo "2497"]
[BlackElo "2657"]
[TimeControl "180+2"]
[EndTime "14:38:10 PST"]
[Termination "ShimanovAlex won by resignation"]

1. e4 c6 2. d4 d5 3. exd5 cxd5 4. c4 Nf6 5. Nc3 Nc6 6. Bg5 dxc4 7. Bxc4 h6 8. Bh4 Qxd4 9. Qxd4 Nxd4 10. O-O-O e5 11.
f4 Bg4 12. Nf3 Nxf3 13. gxf3 Bxf3 14. Bb5+ Bc6 15. Rhe1 Nd7 16. fxe5 Nc5 17. Bxc6+ bxc6 18. Bf2 Ne6 19. Ne4 Bb4 20. Re2 O-O 21. Rc2 Rfc8 22. Nd6 Rc7 23. a3 Bxd6 24. exd6 Rd7 25. Rxc6 f5 26.
b4 Kf7 27. b5 g5 28. a4 Rb8 29. Ra6 Rbb7 30. Kd2 f4 31. Ke2 Kf6 32. Rd5 Kg6 33.
Kd3 Rf7 34. Ke4 g4 35. Ke5 Ng5 36. b6 axb6 37. Rxb6 Rbd7 38. a5 Nf3+ 39. Ke4 Nxh2 40. Bg1 Nf3 41. a6 Nxg1 42. Rb7 Rxb7 43. axb7 Rxb7 44.
d7 Rxd7 45. Rxd7 Nh3 46. Rd5 f3 47. Ke3 f2 48. Ke2 Nf4+ 0-1

[Event "*** MasterClass Titled Tuesday Blitz"]
[Site "Chess.com"]
[Date "2017.12.12"]
[Round "7"]
[White "dusanacns"]
[Black "Penguininja"]
[Result "1-0"]
[WhiteElo "2582"]
[BlackElo "2402"]
[TimeControl "180+2"]
[EndTime "14:38:15 PST"]
[Termination "dusanacns won by resignation"]

1. e4 e5 2. Nf3 Nc6 3. Bb5 f5 4.
d3 fxe4 5. dxe4 Nf6 6. O-O Bc5 7.
Be3 Bxe3 8. fxe3 d6 9. Bc4 Qe7 10. Nc3 Na5 11. Qd3 Nxc4 12. Qxc4 c6 13. Rad1 Be6 14.
Qb4 O-O-O 15. Qa3 Kb8 16. Nxe5 Bc8 17. Nc4 Nxe4 18. Nxe4 Qxe4 19. Nxd6 Qxc2 20. e4 Be6 21. Qb4 Rd7 22. Rd2 c5 23. Qa5 b6 24. Rxc2 bxa5 25. e5 Bxa2 26. Rxc5 a4 27. Rf4 Bb3 28. Rb4+ Ka8 29.
Kf2 Rf8+ 30. Ke3 Re7 31. Ke4 Rd8 32. Rc6 g6 33. Rb5 Bd1 34. Rbc5 Bg4 35. h3 Be6 36. Rc7 Bd7 37. Kd4 Re6 38. Ra5 1-0

[Event "*** MasterClass Titled Tuesday Blitz"]
[Site "Chess.com"]
[Date "2017.12.12"]
[Round "7"]
[White "TheBigBoss04"]
[Black "lukas_111111"]
[Result "1-0"]
[WhiteElo "2486"]
[BlackElo "2442"]
[TimeControl "180+2"]
[EndTime "14:38:16 PST"]
[Termination "TheBigBoss04 won by resignation"]

1. Nf3 Nf6 2. c4 e6 3. g3 b6 4. Bg2 Bb7 5. O-O c5 6. d3 Be7 7. b3 O-O 8. Bb2 d6 9. Nbd2 a6 10. e3 b5 11. Qe2 Nc6 12. Rfd1 e5 13. d4 exd4 14. exd4 cxd4 15. Nxd4 Nxd4 16. Bxd4 Bxg2 17. Kxg2 bxc4 18. Nxc4 Rb8 19. Rac1 Re8 20. Qf3 Nd7 21. Qg4 g6 22. Ba1 Nf6 23. Bxf6 Bxf6 24. Nxd6 Re5 25. Nxf7 Kxf7 26. Rxd8 Rxd8 27. Rc7+ Be7 28. Qf4+ Rf5 29. Qc4+ Kf8 30. Qe6 Re8 31. Qxa6 Rf6 32. Qc4 h5 33.
Rc8 Rxc8 34. Qxc8+ Kf7 35. a4 Rf5 36. Qc4+ Kg7 37. a5 Bc5 38. f4 Be7 39. a6 Bf6 40.
a7 Ra5 41. Qc7+ 1-0

[Event "*** MasterClass Titled Tuesday Blitz"]
[Site "Chess.com"]
[Date "2017.12.12"]
[Round "7"]
[White "Divertissement"]
[Black "calemcc"]
[Result "1-0"]
[WhiteElo "2400"]
[BlackElo "2272"]
[TimeControl "180+2"]
[EndTime "14:38:16 PST"]
[Termination "Divertissement won by checkmate"]

1. e4 e6 2. d4 d5 3. Nc3 Nf6 4. e5 Nfd7 5. f4 c5 6. Nf3 Nc6 7. Be3 a6 8. Qd2 cxd4 9. Nxd4 Bc5 10. O-O-O O-O 11. h4 Nxd4 12. Bxd4 b5 13. Qf2 Qc7 14. h5 b4 15. Ne2 a5 16. Kb1 Ba6 17. h6 g6 18. g4 Rfc8 19. Rc1 a4 20. f5 b3 21. Nc3 Bxd4 22. Qxd4 bxa2+ 23. Kxa2 Qxe5 24. Qxe5 Nxe5 25. fxe6 fxe6 26. Re1 Nxg4 27. Bh3 Rc4 28. Rhg1 Nxh6 29. Bxe6+ Kh8 30. Bxd5 Rb8 31. Bxc4 Bxc4+ 32.
Ka3 Nf5 33. Nxa4 Nd4 34. Rg2 Ra8 35. Re4 Nb5+ 36. Kb4 Bd5 37. Kxb5 Bxe4 38. Re2 Re8 39. Nc3 Rb8+ 40. Kc5 Bf5 41. b4 Rc8+ 42. Kd4 Rd8+ 43. Nd5 Bd7 44. c4 Bc6 45. b5 Bb7 46. Re7 Bxd5 47.
cxd5 h5 48. b6 h4 49. Kc5 h3 50. Re3 Kg7 51. Rxh3 Kf6 52. Re3 g5 53. b7 Kf5 54.
Kc6 Kf4 55. Re1 g4 56. d6 Kf3 57. Kc7 Rh8 58. b8=Q Rxb8 59. Kxb8 g3 60. d7 Kf2 61.
Ra1 g2 62. d8=Q g1=B 63. Qd4+ Kf3 64. Rxg1 Ke2 65. Rg2+ Kf3 66. Rf2+ Kg3 67. Qf4+ Kh3 68. Rh2# 1-0